 Dungeon Crawl Stone Soup version 0.21-a0-404-g291f19a (webtiles) character file.

2083 drevant the Agent of Entropy (level 9, -12/69 HPs)
             Began as a Demonspawn Abyssal Knight on Oct 30, 2017.
             Was a Priest of Lugonu.
             Killed from afar by Ontamu's ghost (23 damage)
             ... with an orb of energy
             ... on level 8 of the Dungeon.
             The game lasted 00:17:40 (9051 turns).

drevant the Agent of Entropy (DsAK)                 Turns: 9051, Time: 00:17:41

Health: -12/69     AC: 12    Str: 15    XL:     9   Next: 6%
Magic:  14/14      EV:  9    Int: 13    God:    Lugonu [***...]
Gold:   406        SH:  0    Dex: 18    Spells: 8/8 levels left

rFire    . . .     SeeInvis .   a - +1 hand axe
rCold    . . .     Gourm    .   (no shield)
rNeg     . . .     Faith    .   f - +0 scale mail
rPois    .         Spirit   .   s - +0 helmet
rElec    .         Reflect  .   (no cloak)
rCorr    .         Harm     .   q - +1 pair of gloves
MR       .....                  (no boots)
Stlth    ++........             (no amulet)
HPRegen  0.21/turn              (no ring)
MPRegen  0.14/turn              K - +4 ring of dexterity

@: about to teleport
A: hooves 2, thin metallic scales 1, nightstalker 2, rot immunity
a: Depart the Abyss, Bend Space, Banish, Renounce Religion


You were on level 8 of the Dungeon.
You worshipped Lugonu.
Lugonu was most pleased with you.
You were not hungry.

You visited 1 branch of the dungeon, and saw 8 of its levels.
You visited the Abyss 1 time.

You collected 406 gold pieces.

Inventory:

Hand Weapons
 a - a +1 hand axe (weapon)
Missiles
 L - 4 tomahawks (quivered)
 M - 5 javelins
Armour
 b - a +0 leather armour
 f - a +0 scale mail (worn)
 q - a +1 pair of gloves (worn)
 s - a +0 helmet (worn)
Jewellery
 o - an uncursed ring of positive energy
 I - a +4 ring of strength {unknown}
 J - an uncursed ring of wizardry
 K - a +4 ring of dexterity (right hand)
Wands
 t - a wand of flame (16/48)
 G - a wand of digging (17/24)
Scrolls
 d - 2 scrolls of blinking {unknown}
 g - 3 scrolls of remove curse
 h - 3 scrolls of teleportation
 n - 4 scrolls of amnesia
 p - 2 scrolls of random uselessness {unknown}
 x - a scroll of immolation {unknown}
 y - a scroll of enchant armour {unknown}
 C - 2 scrolls of fog
 F - 2 scrolls of recharging {unknown}
 H - 4 scrolls of identify
 O - a scroll of magic mapping {unknown}
 Q - a scroll of summoning {unknown}
Potions
 e - 2 potions of degeneration
 i - a potion of berserk rage {unknown}
 k - 3 potions of flight {unknown}
 m - a potion of magic {unknown}
 v - 2 potions of cancellation
 z - a potion of agility {unknown}
 A - a potion of mutation {unknown}
 B - a potion of haste {unknown}
 D - 2 potions of heal wounds {unknown}
Books
 E - a book of Misfortune

   Spells                             Type                      Level
   a - Confusing Touch                Hexes                        1
   b - Confuse                        Hexes                        3
   c - Gell's Gravitas                Translocation                3
   d - Petrify                        Transmutation/Earth          4
   e - Metabolic Englaciation         Hexes/Ice                    5
   f - Yara's Violent Unravelling     Hexes/Transmutation          5
 N - Buczei's Incunabulum of Evil
   (You found it on level 6 of the Dungeon)

   Spells                             Type                      Level
   a - Pain                           Necromancy                   1
   b - Animate Dead                   Necromancy                   4
   c - Dispel Undead                  Necromancy                   5
   d - Death Channel                  Necromancy                   6
 P - a book of Cantrips

   Spells                             Type                      Level
   a - Confusing Touch                Hexes                        1
   b - Animate Skeleton               Necromancy                   1
   c - Summon Small Mammal            Summoning                    1
   d - Apportation                    Translocation                1
Comestibles
 c - 5 bread rations
 j - 2 meat rations
 l - 4 fruits
 r - a royal jelly
 R - 19 chunks of flesh


   Skills:
 + Level 6.1 Fighting
 * Level 7.1 Axes
 + Level 5.1 Armour
 - Level 1.0 Dodging
 + Level 7.3 Invocations


You had 8 spell levels left.
You didn't know any spells.

Dungeon Overview and Level Annotations

Branches:
Dungeon (8/15)             Temple (0/1) D:4
   Lair: D:8-11

Altars:
Ashenzari
Gozag
Nemelex Xobeh
Okawaru
Trog
Wu Jian
Xom

Annotations:
D:6 dainius's ghost, novice GrFi
D:8 Ontamu's ghost, novice GnCj


Innate Abilities, Weirdness & Mutations

You have hoof-like feet.
You are partially covered in thin metallic scales. (AC +2)
You are significantly more attuned to the shadows.
You are immune to rotting.


Message History

* * * LOW HITPOINT WARNING * * *
The killer bee closely misses you.
The killer bee stings you but does no damage.
You feel better. The killer bee closely misses you.
The killer bee stings you but does no damage. x2
The killer bee stings you.
* * * LOW HITPOINT WARNING * * *
Your surroundings suddenly seem different.
Ontamu's ghost (novice Gnoll Conjurer) comes into view.
Ontamu's ghost turns its malevolent gaze towards you.
Found a potion of cancellation.
Found a stone staircase leading down.
Ontamu's ghost casts a spell at you. The magic dart hits you!
* * * LOW HITPOINT WARNING * * *
Okay, then.
As you read the scroll of teleportation, it crumbles to dust.
You feel strangely unstable. Ontamu's ghost casts a spell at you.
The orb of energy hits you!
You die...

......#
......#
......#
#.#.#.#
# #.#.#
. #W# ##
#.#
######.#
.....@.#
.#######


You could see Ontamu's ghost.

Vanquished Creatures
  A hippogriff (D:7)
  A phantom (D:5)
  2 sky beasts
  4 ogres
  2 centaurs
  A big kobold (D:7)
  5 bullfrogs
  3 killer bees (D:8)
  A howler monkey (D:4)
  3 orc priests
  2 hounds
  2 bullfrog zombies
  A quasit (D:7)
  2 bullfrog skeletons (D:5)
  4 worker ants
  6 adders
  An ooze (D:7)
  An adder zombie (D:6)
  An adder skeleton (D:7)
  A worm (D:5)
  A dart slug (D:1)
  6 leopard geckos
  24 orcs
  4 giant cockroaches
  6 goblins
  9 hobgoblins
  4 jackals
  4 quokkas
  9 bats
  3 frilled lizards
  10 kobolds
  4 rats
128 creatures vanquished.

Vanquished Creatures (others)
  12 fungi (D:8)
  A plant (D:8)
13 creatures vanquished.

Grand Total: 141 creatures vanquished

Notes
Turn   | Place    | Note
-------+----------+-------------------------------------------
     0 | Abyss:1  | drevant the Demonspawn Abyssal Knight began the quest for the Orb.
     0 | Abyss:1  | Reached XP level 1. HP: 18/18 MP: 2/2
    29 | Abyss:1  | Noticed a ynoxinul
    43 | D:1      | Escaped the Abyss
    71 | D:1      | Reached skill level 1 in Dodging
   135 | D:1      | Reached * piety under Lugonu
   149 | D:1      | Gained mutation: You are partially covered in thin metallic scales. (AC +2) [demonic ancestry]
   149 | D:1      | Reached XP level 2. HP: 18/24 MP: 4/4
   645 | D:2      | Found a shimmering altar of Xom.
   732 | D:2      | Reached XP level 3. HP: 26/29 MP: 5/5
  1288 | D:2      | Reached ** piety under Lugonu
  1455 | D:2      | Gained mutation: You are immune to rotting. [demonic ancestry]
  1455 | D:2      | Reached XP level 4. HP: 32/35 MP: 6/6
  2116 | D:2      | Found an opulent altar of Gozag.
  2256 | D:3      | Found a shattered altar of Ashenzari.
  2259 | D:3      | Found an ornate altar of the Wu Jian Council.
  2262 | D:3      | Found an iron altar of Okawaru.
  2661 | D:3      | Found a bloodstained altar of Trog.
  2661 | D:3      | Found a sparkling altar of Nemelex Xobeh.
  3424 | D:4      | Found a staircase to the Ecumenical Temple.
  3654 | D:4      | Reached XP level 5. HP: 29/42 MP: 7/7
  3857 | D:5      | Entered Level 5 of the Dungeon
  3995 | D:5      | Noticed an ogre
  4056 | D:5      | Noticed a sky beast
  4060 | D:4      | Noticed an ogre
  4074 | D:4      | Killed a sky beast
  4074 | D:4      | Gained mutation: You are slightly more attuned to the shadows. [demonic ancestry]
  4074 | D:4      | Reached XP level 6. HP: 33/48 MP: 7/9
  5150 | D:5      | Reached skill level 5 in Invocations
  5150 | D:5      | Gained mutation: You are significantly more attuned to the shadows. [demonic ancestry]
  5150 | D:5      | Reached XP level 7. HP: 31/55 MP: 10/10
  5467 | D:5      | Reached skill level 5 in Axes
  5947 | D:5      | Reached skill level 5 in Fighting
  6573 | D:6      | Gained mutation: You have large cloven feet. [demonic ancestry]
  6573 | D:6      | Reached XP level 8. HP: 29/62 MP: 12/12
  6756 | D:6      | Noticed dainius's ghost (novice GrFi)
  7285 | D:6      | Reached *** piety under Lugonu
  7367 | D:6      | Identified Buczei's Incunabulum of Evil
  8478 | D:7      | Noticed a hippogriff
  8491 | D:7      | Killed a hippogriff
  8928 | D:8      | Reached skill level 5 in Armour
  9021 | D:8      | Gained mutation: You have hoof-like feet. [demonic ancestry]
  9021 | D:8      | Reached XP level 9. HP: 54/69 MP: 14/14
  9043 | D:8      | Noticed Ontamu's ghost (novice GnCj)
  9051 | D:8      | Killed from afar by Ontamu's ghost

Vault maps used:
D:1:      dpeg_arrival_leaves_temple_mockup
D:2:      lemuel_crystal_altar, nicolae_gozag_seed_capital
D:3:      grunt_temple_overflow_open, gammafunk_temple_overflow_elements,
          first_bread
D:4:      temple_doors_ab, grunt_decor_one_mirror
D:7:      lemuel_upstairs_altar
D:8:      gammafunk_temple_overflow_claw, grunt_lair_entry_orc_guard_hut,
          basic_altar, special_room

Skill      XL: |  1  2  3  4  5  6  7  8 |
---------------+-------------------------+-----
Dodging        | 1 |  1.0
Axes           | 2 3 4 5 7 |  7.1
Armour         | 2 3 4 5 |  5.1
Invocations    | 3 4 5 7 |  7.3
Fighting       | 4 5 6 |  6.1

Action                   |  1- 3 |  4- 6 |  7- 9 || total
-------------------------+-------+-------+-------++-------
Melee: Hand axe          |   150 |   225 |   304 ||   679
       Kick              |       |       |    57 ||    57
Throw: Tomahawk          |       |     4 |    10 ||    14
       Javelin           |       |       |     5 ||     5
Invok: Depart the Abyss  |     1 |       |       ||     1
  Use: Scroll            |       |     6 |     5 ||    11
       Potion            |       |     2 |     5 ||     7
 Stab: Sleeping          |       |       |     2 ||     2
       Distracted        |       |       |     1 ||     1
  Eat: Chunk             |     2 |    11 |     6 ||    19
       Meat ration       |       |       |     1 ||     1
       Royal jelly       |       |       |     1 ||     1
       Fruit             |       |       |     1 ||     1
Armor: Leather armour    |    72 |    14 |       ||    86
       Scale mail        |       |   101 |   148 ||   249
       Skin              |       |     1 |   104 ||   105
Dodge: Dodged            |   104 |   132 |   128 ||   364

Table legend:
 A = Spawn XP
 B = Non-spawn XP
 C = Spawn XP percentage of total XP
 D = Spawn monster count
 E = Non-spawn monster count
 F = Spawn count percentage of total count
 G = Total turns spent on level
                    A         B        C        D         E        F      G
               +---------+---------+-------+---------+---------+-------+---------
         Total |       0 |    2976 |   0.0 |       0 |     128 |   0.0 |  9051
               +---------+---------+-------+---------+---------+-------+---------
           D:1 |       0 |      28 |   0.0 |       0 |      16 |   0.0 |   598
           D:2 |       0 |      88 |   0.0 |       0 |      24 |   0.0 |  1615
           D:3 |       0 |      26 |   0.0 |       0 |      13 |   0.0 |   784
           D:4 |       0 |     400 |   0.0 |       0 |      14 |   0.0 |  1391
           D:5 |       0 |     808 |   0.0 |       0 |      21 |   0.0 |  2453
           D:6 |       0 |     424 |   0.0 |       0 |       6 |   0.0 |   882
           D:7 |       0 |     665 |   0.0 |       0 |      21 |   0.0 |  1046
           D:8 |       0 |     537 |   0.0 |       0 |      13 |   0.0 |   239
               +---------+---------+-------+---------+---------+-------+---------
